 Dungeon Crawl Stone Soup version 0.30.1-9-gdf580d7c3d (webtiles) character file.

Game seed: 4256313051718737754

40 KittyFluff the Chopper (level 3, 0/31 HPs)
             Began as a Minotaur Berserker on Oct 14, 2023.
             Was a Believer of Trog.
             Succumbed to an adder's poison
             ... on level 2 of the Dungeon.
             The game lasted 00:03:46 (843 turns).

KittyFluff the Chopper (Minotaur Berserker)          Turns: 843, Time: 00:03:47

Health: 0/31       AC:  3    Str: 23    XL:     3   Next: 30%
Magic:  2/2        EV: 11    Int:  4    God:    Trog [**....]
Gold:   66         SH:  0    Dex:  9    Spells: 2/2 levels left

rFire   . . .        a - +0 hand axe
rCold   . . .        (no shield)
rNeg    . . .        c - +0 leather armour
rPois   .            (helmet restricted)
rElec   .            (no cloak)
rCorr   .            (no gloves)
SInv    .            (no boots)
Will    .....        (no amulet)
Stlth   +            (no ring)
HPRegen 0.25/turn    (no ring)
MPRegen 0.08/turn

%: no passive effects
@: lethally poisoned (0 -> -5), on berserk cooldown, slowed, very slow
A: horns 2, retaliatory headbutt
a: Renounce Religion, Berserk, Trog's Hand


You were on level 2 of the Dungeon.
You worshipped Trog.
Trog was pleased with you.
You visited 1 branch of the dungeon, and saw 2 of its levels.

You collected 66 gold pieces.

Inventory:

Hand Weapons
 a - a +0 hand axe (weapon)
 i - a +0 sling of freezing
Missiles
 d - 2 boomerangs (quivered)
Armour
 c - a +0 leather armour (worn)
Scrolls
 b - a scroll of enchant weapon {unknown}
 h - a scroll of teleportation {unknown}
Potions
 f - a potion of invisibility {unknown}
 g - a potion of flight {unknown}


   Skills:
 - Level 3.6 Fighting
 * Level 4.9 Axes
 + Level 3.2 Armour
 - Level 2.1 Dodging


You had 2 spell levels left.
You didn't know any spells.
Your spell library was empty.

Dungeon Overview and Level Annotations

Branches:
Dungeon (2/15)

Altars:


Innate Abilities, Weirdness & Mutations

You have a pair of horns on your head.
You reflexively headbutt those who attack you in melee.


Message History

You miss the adder.
The adder is heavily wounded.
* * * LOW HITPOINT WARNING * * *
You feel sick. The adder bites you but does no damage.
You miss the adder.
The adder is heavily wounded.
You feel sick. The adder closely misses you.
You closely miss the adder. Your headbutt misses the adder.
The adder is heavily wounded.
* * * LOW HITPOINT WARNING * * *
You feel sick. The adder bites you but does no damage.
The adder closely misses you.
A red film seems to cover your vision as you go berserk!
You feel yourself moving faster!
You feel mighty!
You feel sick. The adder bites you.
* * * LOW HITPOINT WARNING * * *
You are lethally poisoned!
The adder poisons you!
You slash the adder!
You kill the adder!
Trog accepts your kill.
* * * LOW HITPOINT WARNING * * *
You feel sick.
There is a lethal amount of poison in your body!
There is a lethal amount of poison in your body!
There is a lethal amount of poison in your body!
There is a lethal amount of poison in your body!
Unknown command.
You are too berserk!
* * * LOW HITPOINT WARNING * * *
You feel sick.
You feel a strong urge to attack something.
* * * LOW HITPOINT WARNING * * *
You feel sick.
* * * LOW HITPOINT WARNING * * *
You feel sick.
You feel your anger nearly subside.
You are no longer berserk.
You are exhausted.
You feel yourself slow down.
You die...

.......## ...
......... )..#
.(......###....
###...........
#......†...<..
##.####.....#..
............#..
##†####..#.....
####.# #@...##..
.######....####.####
# .......).....##.#
....###.#.....#.####
. #.#..........#
#.........##.#
####.#<......#
...######### #....#


There were no monsters in sight!

Vanquished Creatures
  An adder (D:2)
  A worm (D:2)
  A dart slug (D:1)
  3 giant cockroaches (D:1)
  3 hobgoblins
  2 jackals (D:1)
  2 kobolds (D:1)
  5 ball pythons
  A frilled lizard (D:1)
  4 goblins (D:1)
  3 rats (D:1)
26 creatures vanquished.

Notes
Turn   | Place    | Note
-------+----------+-------------------------------------------
     0 | D:1      | KittyFluff the Minotaur Berserker began the quest for the
                  | Orb.
     0 | D:1      | Reached XP level 1. HP: 19/19 MP: 0/0
   111 | D:1      | Reached skill level 4 in Axes
   121 | D:1      | Reached XP level 2. HP: 18/26 MP: 1/1
   800 | D:2      | Reached XP level 3. HP: 25/31 MP: 2/2
   829 | D:2      | Reached ** piety under Trog
   840 | D:2      | HP: 2/46 [poisoned by an adder]
   843 | D:2      | Succumbed to an adder's poison

Illustrated notes

Levels and vault maps discovered:
D:1:      minmay_arrival_doors, layout_basic, dreamdust_princess_corridor
D:2:      layout_basic, shapermc_ecumenical_altar_pompeii, uniq_natasha,
          uniq_crazy_yiuf_cottage

Skill      XL: |  1  2 |
---------------+-------+-----
Axes           | 4 |  4.9
Armour         | 3 |  3.2
Fighting       | |  3.6
Dodging        | |  2.1

Action                     || total
---------------------------++-------
  Melee: Hand axe          ||    68
         Headbutt          ||     3
         Punch             ||     2
 Invoke: Berserk           ||     1
 Armour: Leather armour    ||    12
  Dodge: Dodged            ||    47
